SNL (28 & UNDER)
SALEM SILVER SOULS @ KEY WEST BARRACUDAS
08/03/2027
 
TOP OF THE 1ST
Salem Silver Souls batting - Pitching for Key West Barracudas : LHP Luis Rodríguez
Pitching: LHP Luis Rodríguez
Batting: LHB Nick Scott 0-0: Bunted foul
0-1: Hit by Pitch
Batting: SHB Jesús Sosa 0-0: Ball
1-0: Ball
2-0: Called Strike
2-1: Foul Ball, location: 2F
2-2: Foul Ball, location: 2F
2-2: Ball
3-2: Strikes out swinging
Nick Scott steals 2nd base
Batter strikes out.
Batting: RHB Gustavo Pagán 0-0: Foul Ball, location: 2F
0-1: Fly out, F8 (Flyball, 78D)
Batting: LHB Ezechiele Bruno 0-0: Called Strike
0-1: Ball
1-1: Fly out, F7 (Flyball, 7S)
Top of the 1st over - 0 run(s), 0 hit(s), 0 error(s), 1 left on base; Salem 0 - Key West 0
BOTTOM OF THE 1ST
Key West Barracudas batting - Pitching for Salem Silver Souls : RHP Clark Noble
Pitching: RHP Clark Noble
Batting: SHB Rodney Birling 0-0: Called Strike
0-1: SINGLE (Line Drive, 56D)
Batting: RHB Ramón Díaz 0-0: Called Strike
0-1: Ball
1-1: Swinging Strike
1-2: Ball
2-2: SINGLE (Groundball, 6MD)
Rodney Birling to second
Batting: SHB Cory Campbell 0-0: Foul Ball, location: 2F
0-1: Swinging Strike
0-2: Foul Ball, location: 2F
0-2: Ball
1-2: Ball
2-2: Fielders Choice at 2nd, 6-4 (Groundball, 6)
Rodney Birling to third
Batting: LHB Domingo Ledesma 0-0: Ball
1-0: Swinging Strike
1-1: Called Strike
1-2: Strikes out looking
Batting: LHB Daniel Byrd 0-0: Called Strike
0-1: Swinging Strike
0-2: Fielders Choice at 2nd, 4-6 (Groundball, 34)
Bottom of the 1st over - 0 run(s), 2 hit(s), 0 error(s), 1 left on base; Salem 0 - Key West 0
TOP OF THE 2ND
Salem Silver Souls batting - Pitching for Key West Barracudas : LHP Luis Rodríguez
Batting: RHB Brian Dixon 0-0: Foul Ball, location: 2F
0-1: SINGLE (Groundball, 56D)
Batting: SHB Francis Shaffer 0-0: Called Strike
0-1: Ball
1-1: Ball
2-1: Ball
3-1: Foul Ball, location: 2F
3-2: Foul Ball, location: 2F
3-2: Foul Ball, location: 2F
3-2: Foul Ball, location: 2F
3-2: Strikes out swinging
Batting: LHB Hamilton Hughes 0-0: Called Strike
0-1: Fly out, F8 (Flyball, 8LM)
Batting: RHB Jack Snyder 0-0: Called Strike
0-1: Swinging Strike
0-2: Ball
1-2: Strikes out swinging
Top of the 2nd over - 0 run(s), 1 hit(s), 0 error(s), 1 left on base; Salem 0 - Key West 0
BOTTOM OF THE 2ND
Key West Barracudas batting - Pitching for Salem Silver Souls : RHP Clark Noble
Batting: LHB Víctor Acevedo 0-0: Ball
1-0: Swinging Strike
1-1: Foul Ball, location: 2F
1-2: Ball
2-2: Strikes out swinging
Batting: RHB Carlos Miranda 0-0: Ball
1-0: SINGLE (Groundball, 6S) (infield hit)
Batting: RHB Dan Craft 0-0: Ball
1-0: Ball
2-0: SINGLE (Groundball, 6MD)
Carlos Miranda to second
Batting: LHB Motoki Hirata 0-0: Reached on error, E5 (Groundball, 56)
Carlos Miranda to third
Dan Craft to second
Batting: SHB Rodney Birling 0-0: Swinging Strike
0-1: Foul Ball, location: 2F
0-2: Ball
1-2: Grounds into double play, 6-4-3 (Groundball, 6M)
Bottom of the 2nd over - 0 run(s), 2 hit(s), 1 error(s), 2 left on base; Salem 0 - Key West 0
TOP OF THE 3RD
Salem Silver Souls batting - Pitching for Key West Barracudas : LHP Luis Rodríguez
Batting: SHB Tony Yan 0-0: Ball
1-0: Called Strike
1-1: Ball
2-1: Ball
3-1: Called Strike
3-2: Base on Balls
Batting: LHB Nick Scott 0-0: Foul Ball, location: 2F
0-1: Called Strike
0-2: Ball
1-2: Ball
2-2: Fly out, F4 (Line Drive, 4)
Batting: SHB Jesús Sosa 0-0: Ball
1-0: Foul Ball, location: 2F
1-1: Swinging Strike
1-2: SINGLE (Groundball, 6MD)
Tony Yan to second
Runner from 2nd tries for 3rd, SAFE, throw made to third
Jesús Sosa to second
Batting: RHB Gustavo Pagán 0-0: Swinging Strike
0-1: 3-RUN HOME RUN (Flyball, 7D), Distance : 389 ft
Batting: LHB Ezechiele Bruno 0-0: Swinging Strike
0-1: Ball
1-1: Foul Ball, location: 2F
1-2: Ball
2-2: Ball
3-2: Foul Ball, location: 2F
3-2: Foul Ball, location: 2F
3-2: Fly out, F8 (Flyball, 8LD)
Batting: RHB Brian Dixon 0-0: Fly out, F9 (Line Drive, 89S)
Top of the 3rd over - 3 run(s), 2 hit(s), 0 error(s), 0 left on base; Salem 3 - Key West 0
BOTTOM OF THE 3RD
Key West Barracudas batting - Pitching for Salem Silver Souls : RHP Clark Noble
Batting: RHB Ramón Díaz 0-0: Called Strike
0-1: DOUBLE (Flyball, 8RM)
Batting: SHB Cory Campbell 0-0: Ball
1-0: Ball
2-0: Ball
3-0: Base on Balls
Batting: LHB Domingo Ledesma 0-0: Fly out, F8 (Flyball, 8LD)
Runner from 2nd tags up, SAFE at 3rd, no throw
Batting: LHB Daniel Byrd 0-0: Ball
Throwing error on steal attempt, E2
Ramón Díaz scores
Cory Campbell to third
1-0: Ball
2-0: Ball
3-0: Called Strike
3-1: Foul Ball, location: 2F
3-2: SINGLE (Groundball, 4D)
Cory Campbell scores
Batting: LHB Víctor Acevedo 0-0: Called Strike
0-1: Called Strike
0-2: Ball
1-2: Strikes out swinging
Batting: RHB Carlos Miranda 0-0: Ball
1-0: Ball
2-0: Ball
3-0: Called Strike
3-1: Fly out, F8 (Line Drive, 8LD)
Bottom of the 3rd over - 2 run(s), 2 hit(s), 1 error(s), 1 left on base; Salem 3 - Key West 2
TOP OF THE 4TH
Salem Silver Souls batting - Pitching for Key West Barracudas : LHP Luis Rodríguez
Batting: SHB Francis Shaffer 0-0: Called Strike
0-1: Called Strike
0-2: Ball
1-2: Ball
2-2: Foul Ball, location: 2F
2-2: Strikes out looking
Batting: LHB Hamilton Hughes 0-0: Called Strike
0-1: Ball
1-1: Ball
2-1: Fly out, F8 (Line Drive, 8LM)
Batting: RHB Jack Snyder 0-0: Called Strike
0-1: Ball
1-1: Ball
2-1: Ball
3-1: Base on Balls
Batting: SHB Tony Yan 0-0: Foul Ball, location: 2F
0-1: Fielders Choice at 2nd, 5-4 (Groundball, 56)
Top of the 4th over - 0 run(s), 0 hit(s), 0 error(s), 0 left on base; Salem 3 - Key West 2
BOTTOM OF THE 4TH
Key West Barracudas batting - Pitching for Salem Silver Souls : RHP Clark Noble
Batting: RHB Dan Craft 0-0: Ground out 6-3 (Groundball, 6S)
Batting: LHB Motoki Hirata 0-0: Called Strike
0-1: Ball
1-1: Ball
2-1: SOLO HOME RUN (Flyball, 8RXD), Distance : 421 ft
Batting: SHB Rodney Birling 0-0: Ball
1-0: Swinging Strike
1-1: Swinging Strike
1-2: Strikes out swinging
Batting: RHB Ramón Díaz 0-0: Ground out 3-1 (Groundball, 34)
Bottom of the 4th over - 1 run(s), 1 hit(s), 0 error(s), 0 left on base; Salem 3 - Key West 3
TOP OF THE 5TH
Salem Silver Souls batting - Pitching for Key West Barracudas : LHP Luis Rodríguez
Batting: LHB Nick Scott 0-0: Called Strike
0-1: SINGLE (Line Drive, 56)
Batting: SHB Jesús Sosa 0-0: Ball
1-0: Ball
2-0: Called Strike
2-1: Ball
3-1: Called Strike
3-2: Strikes out swinging
Nick Scott steals 2nd base
Batter strikes out.
Pitching: RHP Gerald Núñez
Batting: RHB Gustavo Pagán 0-0: Called Strike
0-1: Ball
1-1: Ground out 6-3 (Groundball, 6)
Batting: LHB Ezechiele Bruno 0-0: Ball
1-0: Ball
2-0: Called Strike
2-1: Foul Ball, location: 2F
2-2: Ball
3-2: Base on Balls
Batting: RHB Brian Dixon 0-0: Called Strike
0-1: Foul Ball, location: 2F
0-2: Ball
1-2: Foul Ball, location: 2F
1-2: Ball
2-2: Foul Ball, location: 2F
2-2: Fielders Choice at 2nd, 6-4 (Groundball, 6)
Top of the 5th over - 0 run(s), 1 hit(s), 0 error(s), 1 left on base; Salem 3 - Key West 3
BOTTOM OF THE 5TH
Key West Barracudas batting - Pitching for Salem Silver Souls : RHP Clark Noble
Batting: SHB Cory Campbell 0-0: Swinging Strike
0-1: Ball
1-1: Ball
2-1: Ball
3-1: Base on Balls
Pitching: RHP Phil Schroeder
Batting: LHB Domingo Ledesma 0-0: Ball
1-0: Foul Ball, location: 2F
1-1: Fly out, F8 (Flyball, 8LS)
Batting: LHB Daniel Byrd 0-0: Ball
Cory Campbell steals 2nd base
1-0: Intentional Walk
Batting: LHB Víctor Acevedo 0-0: Ball
1-0: Fly out, F9 (Line Drive, 9)
Batting: RHB Carlos Miranda 0-0: Called Strike
0-1: Foul Ball, location: 2F
0-2: Fly out, F7 (Flyball, 7LSF)
Bottom of the 5th over - 0 run(s), 0 hit(s), 0 error(s), 2 left on base; Salem 3 - Key West 3
TOP OF THE 6TH
Salem Silver Souls batting - Pitching for Key West Barracudas : RHP Gerald Núñez
Batting: SHB Francis Shaffer 0-0: Foul Ball, location: 2F
0-1: Ball
1-1: Fly out, F8 (Flyball, 8LM)
Batting: LHB Hamilton Hughes 0-0: Ball
1-0: Foul Ball, location: 2F
1-1: Called Strike
1-2: Ball
2-2: Strikes out swinging
Batting: RHB Jack Snyder 0-0: Ground out 5-3 (Groundball, 56)
Top of the 6th over - 0 run(s), 0 hit(s), 0 error(s), 0 left on base; Salem 3 - Key West 3
BOTTOM OF THE 6TH
Key West Barracudas batting - Pitching for Salem Silver Souls : RHP Phil Schroeder
Batting: RHB Dan Craft 0-0: Called Strike
0-1: Foul Ball, location: 2F
0-2: Fly out, F7 (Flyball, 7)
Batting: LHB Motoki Hirata 0-0: Swinging Strike
0-1: Ball
1-1: Hit by Pitch
Batting: SHB Rodney Birling 0-0: SINGLE (Groundball, 56D)
Motoki Hirata to second
Batting: RHB Ramón Díaz 0-0: Called Strike
0-1: Ball
1-1: Called Strike
1-2: Foul Ball, location: 2F
1-2: Foul Ball, location: 2F
1-2: Strikes out swinging
Batting: SHB Cory Campbell 0-0: Swinging Strike
0-1: Ball
1-1: Called Strike
1-2: Ground out U3 (Groundball, 3S)
Bottom of the 6th over - 0 run(s), 1 hit(s), 0 error(s), 2 left on base; Salem 3 - Key West 3
TOP OF THE 7TH
Salem Silver Souls batting - Pitching for Key West Barracudas : RHP Gerald Núñez
Batting: SHB Tony Yan 0-0: Called Strike
0-1: Called Strike
0-2: Fly out, F7 (Flyball, 7D)
Batting: LHB Nick Scott 0-0: Called Strike
0-1: Fly out, F7 (Flyball, 7)
Batting: SHB Jesús Sosa 0-0: Ball
1-0: Foul Ball, location: 2F
1-1: Called Strike
1-2: Foul Ball, location: 2F
1-2: Ball
2-2: Strikes out swinging
Top of the 7th over - 0 run(s), 0 hit(s), 0 error(s), 0 left on base; Salem 3 - Key West 3
BOTTOM OF THE 7TH
Key West Barracudas batting - Pitching for Salem Silver Souls : RHP Phil Schroeder
Batting: LHB Domingo Ledesma 0-0: Called Strike
0-1: Ball
1-1: Ball
2-1: SINGLE (Line Drive, 34D)
Batting: LHB Daniel Byrd 0-0: Fly out, F8 (Flyball, 8RS)
Pinch Hitting: SHB Héctor Padilla 0-0: Ball
1-0: Ball
2-0: Ball
3-0: Called Strike
3-1: Foul Ball, location: 2F
3-2: Fly out, F8 (Flyball, 8RD)
Pinch Hitting: LHB Carter Sweet 0-0: Called Strike
0-1: Fly out, F8 (Flyball, 8LD)
Bottom of the 7th over - 0 run(s), 1 hit(s), 0 error(s), 1 left on base; Salem 3 - Key West 3
TOP OF THE 8TH
Salem Silver Souls batting - Pitching for Key West Barracudas : RHP Gerald Núñez
Now at 3B: Héctor Padilla
Now in RF: Jacob Knapp
Pinch Hitting: LHB Chance Santry 0-0: Ball
1-0: Ball
2-0: Called Strike
2-1: Called Strike
2-2: Foul Ball, location: 2F
2-2: Ground out 4-3 (Groundball, 4)
Pitching: RHP Sean Harden
Batting: LHB Ezechiele Bruno 0-0: Ball
1-0: Ball
2-0: Called Strike
2-1: Ball
3-1: Base on Balls
Batting: RHB Brian Dixon 0-0: Ball
1-0: SINGLE (Line Drive, 56)
Ezechiele Bruno to second
Pinch Hitting: RHB Jim Villiers 0-0: Sac Bunt - play at first, batter OUT! 5-3
Ezechiele Bruno to third
Brian Dixon to second
Batting: LHB Hamilton Hughes 0-0: Ball
1-0: SINGLE (Line Drive, 6M)
Ezechiele Bruno scores
Brian Dixon to third
Runner from 3rd tries for Home, SAFE, no throw
Pitching: RHP Gabe Lewis
Batting: RHB Jack Snyder 0-0: Ball
1-0: Ball
2-0: Swinging Strike
2-1: Called Strike
2-2: Foul Ball, location: 2F
2-2: SINGLE (Groundball, 34D)
Hamilton Hughes to second
Runner from 2nd tries for 3rd, OUT!
Top of the 8th over - 2 run(s), 3 hit(s), 0 error(s), 1 left on base; Salem 5 - Key West 3
BOTTOM OF THE 8TH
Key West Barracudas batting - Pitching for Salem Silver Souls : RHP Phil Schroeder
Now at 3B: Augusto Baiano
Now in RF: Chance Santry
Batting: RHB Dan Craft 0-0: Ball
1-0: Fly out, F5 (Line Drive, 56)
Batting: LHB Motoki Hirata 0-0: Called Strike
0-1: Foul Ball, location: 2F
0-2: Ball
1-2: Ball
2-2: Ball
3-2: Strikes out swinging
Batting: SHB Rodney Birling 0-0: Ball
1-0: Called Strike
1-1: Foul Ball, location: 2F
1-2: Ball
2-2: SINGLE (Line Drive, 89M)
Pitching: RHP Tim Cameron
Batting: RHB Ramón Díaz 0-0: Swinging Strike
0-1: Foul Ball, location: 2F
0-2: Ball
1-2: Foul Ball, location: 2F
1-2: Ball
2-2: Fly out, F4 (Popup, 4)
Bottom of the 8th over - 0 run(s), 1 hit(s), 0 error(s), 1 left on base; Salem 5 - Key West 3
TOP OF THE 9TH
Salem Silver Souls batting - Pitching for Key West Barracudas : RHP Gabe Lewis
Batting: SHB Tony Yan 0-0: Ball
1-0: Ball
2-0: Ball
3-0: Called Strike
3-1: Base on Balls
Batting: LHB Nick Scott 0-0: Bunted foul
0-1: Sac Bunt - play at first, batter OUT! 3-4
Tony Yan to second
Batting: SHB Jesús Sosa 0-0: Ball
1-0: Called Strike
1-1: Foul Ball, location: 2F
1-2: Strikes out swinging
Batting: LHB Chance Santry 0-0: Ball
1-0: Ball
2-0: Ball
3-0: Called Strike
3-1: Ground out 4-3 (Groundball, 34)
Top of the 9th over - 0 run(s), 0 hit(s), 0 error(s), 1 left on base; Salem 5 - Key West 3
BOTTOM OF THE 9TH
Key West Barracudas batting - Pitching for Salem Silver Souls : RHP Tim Cameron
Pitching: RHP Jeff Hansen
Batting: SHB Cory Campbell 0-0: Called Strike
0-1: Foul Ball, location: 2F
0-2: Foul Ball, location: 2F
0-2: Ball
1-2: Foul Ball, location: 2F
1-2: Strikes out swinging
Batting: LHB Domingo Ledesma 0-0: Ball
1-0: Foul Ball, location: 2F
1-1: SINGLE (Groundball, 34D)
Batting: LHB Daniel Byrd 0-0: SINGLE (Groundball, 34) (infield hit)
Domingo Ledesma to second
Batting: SHB Héctor Padilla 0-0: Called Strike
0-1: Swinging Strike
0-2: Ball
1-2: Ball
2-2: Foul Ball, location: 2F
2-2: Fly out, F6 (Popup, 6D)
Batting: SHB Jacob Knapp 0-0: Ball
1-0: Foul Ball, location: 2F
1-1: SINGLE (Groundball, 4D)
Domingo Ledesma to third
Daniel Byrd to second
Runner from 3rd tries for Home, SAFE, no throw
Batting: RHB Dan Craft 0-0: Called Strike
0-1: Ball
1-1: Swinging Strike
1-2: Ball
2-2: Strikes out swinging
Bottom of the 9th over - 1 run(s), 3 hit(s), 0 error(s), 2 left on base; Salem 5 - Key West 4
Thursday, March 30th, 2017 - OOTP Baseball 17.12 Build 75